 Dungeon Crawl Stone Soup version 0.28.0-45-g0d030f2227 (webtiles) character file.

Game seed: 4437241079041434567

70511 DearestLeader the Blocker (level 15, -3/120 HPs)
             Began as a Gnoll Fighter on Mar 30, 2022.
             Was the Champion of Okawaru.
             Slain by an ogre
             ... wielding a +0 giant club
              (12 damage)
             ... while paralysed by an ogre mage
             ... on level 2 of the Orcish Mines.
             The game lasted 00:40:06 (19016 turns).

DearestLeader the Blocker (Gnoll Fighter)          Turns: 19016, Time: 00:40:07

Health: -3/120     AC: 23    Str: 25    XL:     15   Next: 33%
Magic:  29/29      EV:  2    Int:  5    God:    Okawaru [******]
Gold:   705        SH:  0    Dex: 14    Spells: 26/34 levels left

rFire   . . .      SeeInvis +   G - +6 shillelagh "Devastator" {shatter}
rCold   + . .      Faith    .   c - +0 buckler
rNeg    + + .      Spirit   .   T - +1 chain mail "Kannina" {rPois Str-2 Slay+4 SInv}
rPois   +          Reflect  .   X - +0 helmet of Understanding {rCorr Dex-4 Slay+2}
rElec   .          Harm     .   n - +0 cloak "Sonushru" {+Inv rN++ Int-5 Dex+3}
rCorr   +          Rampage  .   r - +2 pair of gloves {Str+3}
Will    +....                   l - +2 pair of boots {Fly}
Stlth   +.........              q - amulet of regeneration
HPRegen 1.10/turn               m - ring of poison resistance
MPRegen 0.21/turn               j - ring "Aboankaf" {rC+ Int+3 Dex+4}

@: paralysed, flying
A: fangs 1, strong nose, distributed training
a: Renounce Religion, Evoke Invisibility, Heroism, Finesse, Duel


You were on level 2 of the Orcish Mines.
You worshipped Okawaru.
Okawaru was exalted by your worship.
You visited 4 branches of the dungeon, and saw 21 of its levels.
You also visited: Volcano.

You collected 1850 gold pieces.
You spent 1145 gold pieces at shops.

Inventory:

Hand Weapons
 G - the +6 shillelagh "Devastator" (weapon) {shatter}
   (You found it on level 8 of the Dungeon)

   It releases a powerful concussive burst when it strikes, dealing extra damage
   to the target and all other foes adjacent to them.
Missiles
 y - 4 curare-tipped darts (quivered)
 P - a throwing net
Armour
 c - a +0 buckler (worn)
 h - the +2 tower shield of Qevuxitu {Slay+6}
   (Okawaru gifted it to you on level 1 of the Orcish Mines)

   Slay:      It affects your accuracy & damage with ranged weapons and melee
   (+6).
 l - a +2 pair of boots of flying (worn)
 n - the +0 cloak "Sonushru" (worn) {+Inv rN++ Int-5 Dex+3}
   (You acquired it on level 1 of the Orcish Mines)

   Int:       It affects your intelligence (-5).
   Dex:       It affects your dexterity (+3).
   rN:        It greatly protects you from negative energy.
   +Inv:      It lets you turn invisible.
 r - a +2 pair of gloves of strength (worn)
 u - the +11 chain mail of the Locust {Int+5}
   (You bought it in a shop on level 1 of the Orcish Mines)

   Int:       It affects your intelligence (+5).
 K - +0 swamp dragon scales
 T - the +1 chain mail "Kannina" (worn) {rPois Str-2 Slay+4 SInv}
   (You found it on level 3 of the Lair of Beasts)

   Str:       It affects your strength (-2).
   Slay:      It affects your accuracy & damage with ranged weapons and melee
   (+4).
   rPois:     It protects you from poison.
   SInv:      It lets you see invisible.
 X - the +0 helmet of Understanding (worn) {rCorr Dex-4 Slay+2}
   (You found it on level 6 of the Lair of Beasts)

   Dex:       It affects your dexterity (-4).
   Slay:      It affects your accuracy & damage with ranged weapons and melee
   (+2).
   rCorr:     It protects you from acid and corrosion.
Jewellery
 j - the ring "Aboankaf" (right hand) {rC+ Int+3 Dex+4}
   (You found it on level 12 of the Dungeon)

   [ring of protection from cold]

   Int:       It affects your intelligence (+3).
   Dex:       It affects your dexterity (+4).
   rC:        It protects you from cold.
 m - a ring of poison resistance (left hand)
 q - an amulet of regeneration (around neck)
 J - an amulet of faith
 R - a +6 ring of intelligence
Wands
 a - a wand of mindburst (5)
 C - a wand of flame (22)
 O - a wand of paralysis (10)
 Z - a wand of polymorph (5)
Scrolls
 b - 2 scrolls of fog
 e - 3 scrolls of enchant armour
 k - 2 scrolls of enchant weapon
 o - 6 scrolls of fear
 v - 2 scrolls of magic mapping
 x - a scroll of immolation {unknown}
 A - a scroll of teleportation {unknown}
 B - 2 scrolls of blinking {unknown}
 E - 2 scrolls of amnesia
 H - 2 scrolls of vulnerability
 L - a scroll of noise {unknown}
Potions
 d - 5 potions of might
 f - 5 potions of heal wounds
 i - 2 potions of brilliance {unknown}
 s - 3 potions of haste
 t - 3 potions of flight {unknown}
 w - 2 potions of cancellation {unknown}
 z - 2 potions of ambrosia {unknown}
 D - 5 potions of degeneration {unknown}
 F - a potion of resistance
 I - 2 potions of invisibility
 N - 3 potions of mutation {unknown}
 Q - 3 potions of attraction {unknown}
 V - 2 potions of curing
 W - a potion of lignification {unknown}
 Y - a potion of magic {unknown}


   Skills:
 + Level 11.9 Fighting
 + Level 10.0 Short Blades
 + Level 10.0 Long Blades
 + Level 11.0 Axes
 + Level 10.0 Maces & Flails
 + Level 10.0 Polearms
 + Level 10.0 Staves
 + Level 10.0 Slings
 + Level 10.0 Bows
 + Level 10.0 Crossbows
 + Level 10.0 Throwing
 + Level 11.9 Armour
 + Level 10.0 Dodging
 + Level 10.0 Stealth
 + Level 11.9 Shields
 + Level 10.0 Unarmed Combat
 + Level 10.0 Spellcasting
 + Level 8.4 Conjurations
 + Level 8.4 Hexes
 + Level 8.4 Summonings
 + Level 8.4 Necromancy
 + Level 8.4 Translocations
 + Level 8.4 Transmutations
 + Level 8.4 Fire Magic
 + Level 8.4 Ice Magic
 + Level 8.4 Air Magic
 + Level 8.4 Earth Magic
 + Level 8.4 Poison Magic
 + Level 10.9 Invocations
 + Level 10.0 Evocations


You had 26 spell levels left.
You knew the following spells:

 Your Spells              Type           Power      Damage    Failure   Level
a - Mephitic Cloud        Conj/Pois/Air  10%        N/A       10%         3
b - Blink                 Tloc           20%        N/A       4%          2
c - Confusing Touch       Hex            10%        N/A       10%         3

Your spell library contained the following spells:

 Spells                   Type           Power      Damage    Failure   Level
 Apportation              Tloc           20%        N/A       3%          1
 Magic Dart               Conj           40%        1d5       3%          1
 Pain                     Necr           40%        1d6       3%          1
 Scorch                   Fire           20%        2d6       4%          2
 Ozocubu's Armour         Ice            10%        N/A       10%         3
 Flame Wave               Conj/Fire      10%        2d5       32%         4
 Leda's Liquefaction      Hex/Erth       5%         N/A       32%         4
 Agony                    Necr           10%        N/A       65%         5
 Alistair's Intoxication  Tmut/Pois      6%         N/A       65%         5
 Blade Hands              Tmut           5%         N/A       65%         5
 Excruciating Wounds      Necr           5%         N/A       65%         5
 Iskenderun's Battlesphe  Conj           10%        2d6       65%         5
 Lee's Rapid Deconstruct  Erth           5%         3d7*      65%         5
 Manifold Assault         Tloc           10%        N/A       65%         5
 Yara's Violent Unravell  Hex/Tmut       5%         3d4       65%         5
 Iron Shot                Conj/Erth      5%         9d2       99%         6
 Statue Form              Tmut/Erth      6%         N/A       99%         6
 Enfeeble                 Hex            5%         N/A       100%        7
 Ozocubu's Refrigeration  Ice            5%         4d6       100%        7
 Storm Form               Tmut/Air       5%         N/A       100%        7
 Call Imp                 Summ           Unusable   N/A       N/A         2
 Animate Armour           Summ/Erth      Unusable   N/A       N/A         4
 Summon Cactus Giant      Summ           Unusable   N/A       N/A         6
 Spellforged Servitor     Conj/Summ      Unusable   N/A       N/A         7

Dungeon Overview and Level Annotations

Branches:
Dungeon (12/15)            Temple (1/1) D:4            Lair (6/6) D:10
  Swamp (0/4) Lair:3       Spider (0/4) Lair:3        Slime (0/5) Lair:6
    Orc (2/2) D:12            Elf (0/3) Orc:2       Volcano (visited)

Altars:
Ashenzari
Cheibriados
Dithmenos
Elyvilon
Fedhas
Gozag
Hepliaklqana
Kikubaaqudgha
Makhleb
Nemelex Xobeh
Okawaru
Qazlal
Ru
Sif Muna
Trog
Uskayaw
Vehumet
Wu Jian
Xom
Yredelemnul
Zin
The Shining One
Beogh

Shops:
D:8 *   Orc:1 [**   Orc:2 :(

Portals:
Trove: D:10 (give 3 potions of resistance)

Annotations:
Lair:4 exclusion: 4 oklob plants


Innate Abilities, Weirdness & Mutations

You have very sharp teeth.
Your uncanny sense of smell can sniff out nearby items.
Your experience applies equally to all skills.


Message History

Okawaru accepts your kill. The ogre mage casts a spell at you.
You suddenly lose the ability to move!
The troll bites you! The troll claws you but does no damage.
The troll claws you.
The ogre mage hits you but does no damage.
An ogre comes into view. It is wielding a +0 giant club.
The troll bites you but does no damage.
The troll claws you but does no damage. x2
An ogre comes into view. It is wielding a +0 giant spiked club.
The troll bites you but does no damage. The troll claws you! x2
The ogre mage mumbles some strange words.
The ogre mage flickers and vanishes for a moment.
The troll bites you! The troll completely misses you.
The troll claws you but does no damage. The troll bites you but does no damage.
The troll claws you but does no damage. x2
The ogre mage hits you from afar with a +0 spear.
The ogre shouts!
You hear a shout! x2
The troll bites you but does no damage. The troll completely misses you.
The troll claws you but does no damage.
The cyclops hits you but does no damage.
An ogre comes into view. It is wielding a +0 giant club.
The troll bites you but does no damage. The troll claws you.
The troll claws you but does no damage.
The ogre mage hits you from afar with a +0 spear.
* * * LOW HITPOINT WARNING * * *
The ogre shouts!
The troll bites you but does no damage.
The troll claws you but does no damage. x2
The troll bites you but does no damage. The troll barely misses you.
The troll claws you but does no damage.
The ogre mage hits you but does no damage.
The cyclops hits you!
* * * LOW HITPOINT WARNING * * *
The troll bites you but does no damage. The troll claws you but does no damage.
The troll claws you!
* * * LOW HITPOINT WARNING * * *
The troll bites you but does no damage.
The troll claws you but does no damage. x2
The ogre mage hits you from afar with a +0 spear!
* * * LOW HITPOINT WARNING * * *
The ogre hits you with a +0 giant club!
You die...

###..........###............#
####.....### ##........#.##
##.#....## ###...#.####
#.......# ######..##
##.#...## ##.##....# ###...#
##........# ##.##
##...##...##
####.##....#....#
#.OOT@..#.....#
...#.OTCO......##
∩...OTOO.......#
....O.......#.##
..O............#
..............##
..............#
.∩........#.$..


You could see 2 two-headed ogres, an ogre mage (invisible), a deep troll, a
cyclops, 2 trolls and 6 ogres.

Vanquished Creatures
  A vault guard (D:10)
  Harold (D:7)
  8 hydras
  9 two-headed ogres
  A catoblepas (Lair:6)
  A deep troll shaman (Lair:6)
  14 death yaks
  Urug (Lair:3)
  A deep troll (Orc:2)
  The ghost of dangdung the Martial Artist, a novice OpTm of Okawaru (D:7)
  Pikel (D:4)
  3 lindwurms
  4 oklob plants (Lair:6)
  An ugly thing (D:11)
  4 cyclopes
  7 slime creatures (D:12)
  An orc sorcerer (Orc:2)
  A black mamba (Lair:6)
  4 molten gargoyles (Volcano)
  11 elephants
  9 cane toads
  Maggie (D:9)
  A kobold demonologist (D:9)
  3 rime drakes
  3 efreet (Volcano)
  19 komodo dragons
  7 trolls
  2 polar bears
  11 dream sheep (Lair:6)
  9 blink frogs (Lair:6)
  A spriggan (shapeshifter) (D:11)
  4 shadows
  3 wraiths (D:11)
  4 wyverns
  48 yaks
  4 basilisks
  A fire elemental (Volcano)
  A steam dragon (D:10)
  4 vampire mosquitoes
  A redback (Lair:3)
  3 wargs (Orc:2)
  13 water moccasins
  An acid dragon (D:10)
  An ice beast (D:5)
  13 orc warriors
  2 black bears
  A sky beast (D:7)
  19 wolves
  9 ogres
  8 centaurs
  A lemure (D:4)
  A kobold brigand (D:9)
  13 bullfrogs
  A gnoll sergeant (D:4)
  2 earth elementals (Volcano)
  A scorpion (D:6)
  A wyvern zombie (D:7)
  A water moccasin skeleton (D:6)
  2 troll zombies (D:12)
  6 killer bees (D:9)
  8 wights
  2 howler monkeys
  4 electric eels (D:9)
  7 centaur zombies
  9 hounds
  2 jellies
  A centaur skeleton (D:7)
  Crazy Yiuf (D:7)
  9 orc priests
  A bullfrog skeleton (D:6)
  6 iguanas
  A scorpion zombie (D:5)
  14 orc wizards
  4 ogre zombies (D:12)
  A hound skeleton (D:5)
  2 howler monkey zombies
  15 gnolls
  8 adders
  2 shadow imps
  A white imp (D:7)
  A worm (D:3)
  3 adder skeletons (D:4)
  45 orcs
  3 ball pythons
  4 bats
  9 endoplasms
  2 giant cockroaches (D:2)
  9 goblins
  5 hobgoblins
  2 quokkas (D:3)
  3 frilled lizards (D:2)
  2 goblin skeletons (D:12)
  A goblin zombie (D:12)
  2 hobgoblin skeletons (D:12)
  A hobgoblin zombie (D:12)
  6 kobolds
  2 orc skeletons (D:12)
  11 orc zombies (D:12)
  5 rats
  2 fire vortices (Volcano)
526 creatures vanquished.

Vanquished Creatures (others)
  3 fire vortices (Volcano)
  30 fungi
  55 plants
88 creatures vanquished.

Grand Total: 614 creatures vanquished

Notes
Turn   | Place    | Note
-------+----------+-------------------------------------------
     0 | D:1      | DearestLeader the Gnoll Fighter began the quest for the
                  | Orb.
     0 | D:1      | Reached XP level 1. HP: 23/23 MP: 1/1
   351 | D:1      | Reached XP level 2. HP: 29/29 MP: 2/2
   937 | D:2      | Reached XP level 3. HP: 35/35 MP: 3/3
  1111 | D:1      | Reached skill level 1 in Invocations
  1332 | D:1      | Reached skill level 1 in Short Blades
  1332 | D:1      | Reached skill level 1 in Long Blades
  1332 | D:1      | Reached skill level 1 in Maces & Flails
  1332 | D:1      | Reached skill level 1 in Polearms
  1332 | D:1      | Reached skill level 1 in Staves
  1332 | D:1      | Reached skill level 1 in Slings
  1332 | D:1      | Reached skill level 1 in Bows
  1332 | D:1      | Reached skill level 1 in Crossbows
  1332 | D:1      | Reached skill level 1 in Throwing
  1332 | D:1      | Reached skill level 1 in Dodging
  1332 | D:1      | Reached skill level 1 in Stealth
  1332 | D:1      | Reached skill level 1 in Unarmed Combat
  1332 | D:1      | Reached skill level 1 in Spellcasting
  1332 | D:1      | Reached skill level 1 in Evocations
  1333 | D:1      | Reached XP level 4. HP: 36/41 MP: 5/5
  1493 | D:2      | Identified the +3 hand axe of Stickiness {venom, rElec rN+}
  1801 | D:3      | Reached skill level 1 in Conjurations
  1801 | D:3      | Reached skill level 1 in Hexes
  1801 | D:3      | Reached skill level 1 in Summonings
  1801 | D:3      | Reached skill level 1 in Necromancy
  1801 | D:3      | Reached skill level 1 in Translocations
  1801 | D:3      | Reached skill level 1 in Transmutations
  1801 | D:3      | Reached skill level 1 in Fire Magic
  1801 | D:3      | Reached skill level 1 in Ice Magic
  1801 | D:3      | Reached skill level 1 in Air Magic
  1801 | D:3      | Reached skill level 1 in Earth Magic
  1801 | D:3      | Reached skill level 1 in Poison Magic
  1948 | D:3      | Reached XP level 5. HP: 19/47 MP: 6/6
  2787 | D:4      | Found a staircase to the Ecumenical Temple.
  2801 | Temple   | Entered the Ecumenical Temple
  3131 | D:4      | Reached XP level 6. HP: 32/53 MP: 8/8
  3133 | D:4      | Reached skill level 5 in Axes
  3641 | D:4      | Noticed Pikel
  3676 | D:4      | Killed Pikel
  3677 | D:4      | Reached XP level 7. HP: 16/60 MP: 9/11
  4567 | D:4      | Reached XP level 8. HP: 67/67 MP: 12/12
  4611 | D:5      | Entered Level 5 of the Dungeon
  4716 | D:5      | Identified the +0 pair of gloves of Focus {rC- Str+5}
  5361 | D:5      | Found an ancient bone altar of Kikubaaqudgha.
  5363 | D:5      | Found an iron altar of Okawaru.
  5370 | D:5      | Became a worshipper of Warmaster Okawaru
  5575 | D:6      | Reached XP level 9. HP: 73/73 MP: 14/14
  6017 | D:7      | Reached * piety under Okawaru
  6125 | D:7      | Found a runed translucent gate.
  6125 | D:7      | Found a runed translucent gate.
  6128 | D:7      | Found a runed translucent gate.
  6128 | D:7      | Noticed dangdung's ghost (novice OpTm)
  6142 | D:7      | Noticed Harold
  6186 | D:7      | HP: 2/74 [Harold/harpoon shot (13)]
  6189 | D:7      | Killed Harold
  6189 | D:7      | Reached ** piety under Okawaru
  6196 | D:7      | Reached skill level 5 in Invocations
  6280 | D:7      | Found a runed translucent door.
  6281 | D:7      | Noticed Crazy Yiuf
  6385 | D:7      | Found a blossoming altar of Fedhas.
  6385 | D:7      | Found a glowing golden altar of the Shining One.
  6385 | D:7      | Found an opulent altar of Gozag.
  6823 | D:7      | Killed dangdung's ghost
  6823 | D:7      | Reached *** piety under Okawaru
  6824 | D:7      | Reached XP level 10. HP: 75/80 MP: 15/17
  6882 | D:7      | Killed Crazy Yiuf
  6961 | D:8      | Learned a level 3 spell: Mephitic Cloud
  6965 | D:8      | Found Acoyly's Overcharged Wands.
  7016 | D:8      | Reached skill level 5 in Short Blades
  7016 | D:8      | Reached skill level 5 in Long Blades
  7016 | D:8      | Reached skill level 5 in Maces & Flails
  7016 | D:8      | Reached skill level 5 in Polearms
  7016 | D:8      | Reached skill level 5 in Staves
  7016 | D:8      | Reached skill level 5 in Slings
  7016 | D:8      | Reached skill level 5 in Bows
  7016 | D:8      | Reached skill level 5 in Crossbows
  7016 | D:8      | Reached skill level 5 in Throwing
  7016 | D:8      | Reached skill level 5 in Dodging
  7016 | D:8      | Reached skill level 5 in Stealth
  7016 | D:8      | Reached skill level 5 in Unarmed Combat
  7016 | D:8      | Reached skill level 5 in Spellcasting
  7016 | D:8      | Reached skill level 5 in Evocations
  7280 | D:8      | Found the +6 shillelagh "Devastator" {shatter}
  7682 | D:9      | Reached **** piety under Okawaru
  7833 | D:9      | Noticed a kobold demonologist
  7841 | D:9      | Killed a kobold demonologist
  8236 | D:9      | Noticed Maggie
  8244 | D:9      | Killed Maggie
  8245 | D:9      | Reached XP level 11. HP: 55/87 MP: 19/19
  8405 | D:10     | Entered Level 10 of the Dungeon
  8407 | D:10     | Noticed a two-headed ogre
  8507 | D:10     | Reached ***** piety under Okawaru
  8682 | D:10     | Noticed a boulder beetle
  8764 | D:11     | Noticed a red ugly thing
  8775 | D:11     | Killed a red ugly thing
  8828 | D:11     | Reached skill level 5 in Conjurations
  8828 | D:11     | Reached skill level 5 in Hexes
  8828 | D:11     | Reached skill level 5 in Summonings
  8828 | D:11     | Reached skill level 5 in Necromancy
  8828 | D:11     | Reached skill level 5 in Translocations
  8828 | D:11     | Reached skill level 5 in Transmutations
  8828 | D:11     | Reached skill level 5 in Fire Magic
  8828 | D:11     | Reached skill level 5 in Ice Magic
  8828 | D:11     | Reached skill level 5 in Air Magic
  8828 | D:11     | Reached skill level 5 in Earth Magic
  8828 | D:11     | Reached skill level 5 in Poison Magic
  9009 | D:11     | Noticed a cyclops
  9066 | D:11     | Killed a cyclops
  9200 | D:11     | Received a gift from Okawaru
  9566 | D:10     | Received a gift from Okawaru
  9568 | D:10     | Killed a two-headed ogre
  9592 | D:10     | Noticed a deep elf pyromancer
  9592 | D:10     | Noticed a boulder beetle
  9592 | D:10     | Noticed a centaur warrior
  9592 | D:10     | Noticed an ogre mage
  9592 | D:10     | Noticed a skeletal warrior
  9592 | D:10     | Noticed a centaur warrior
  9686 | D:10     | Noticed a vault guard
  9699 | D:10     | Killed a vault guard
  9709 | D:10     | Found a portal to a secret trove of treasure.
  9779 | D:10     | Reached XP level 12. HP: 89/96 MP: 22/22
  9821 | D:10     | Found a staircase to the Lair.
  9934 | D:10     | Noticed a centaur warrior
 10021 | D:10     | Found a broken altar of Ashenzari.
 10299 | Lair:1   | Entered Level 1 of the Lair of Beasts
 10814 | Lair:1   | Noticed a seven-headed hydra
 10824 | Lair:1   | Killed a seven-headed hydra
 11226 | Lair:2   | Learned a level 2 spell: Blink
 11230 | Lair:2   | Learned a level 3 spell: Confusing Touch
 11352 | Lair:2   | Received a gift from Okawaru
 11465 | Lair:2   | Reached skill level 10 in Fighting
 11465 | Lair:2   | Reached skill level 10 in Armour
 11465 | Lair:2   | Reached skill level 10 in Shields
 12332 | Lair:3   | Noticed Urug
 12345 | Lair:3   | Killed Urug
 12381 | Lair:3   | Found a hole to the Spider Nest.
 12511 | Lair:3   | Identified the +1 chain mail "Kannina" {rPois Str-2 Slay+4
                  | SInv}
 12657 | Lair:3   | Found a staircase to the Swamp.
 12663 | Lair:3   | Received a gift from Okawaru
 13034 | Lair:4   | Reached ****** piety under Okawaru
 13035 | Lair:4   | Reached XP level 13. HP: 103/103 MP: 24/24
 13196 | Lair:4   | Received a gift from Okawaru
 13303 | Lair:4   | Identified the +2 robe "Pialaw" {rCorr Stlth+} (Okawaru
                  | gifted it to you on level 4 of the Lair of Beasts)
 13303 | Lair:4   | Received a gift from Okawaru
 14520 | Lair:5   | Received a gift from Okawaru
 14789 | Lair:6   | Entered Level 6 of the Lair of Beasts
 14856 | Lair:6   | Identified the +3 short sword of the Past {flame, Int+2}
 14871 | Lair:6   | Received a gift from Okawaru
 14877 | Lair:6   | Reached skill level 10 in Axes
 14878 | Lair:6   | Reached XP level 14. HP: 112/113 MP: 26/26
 14980 | Lair:6   | Identified the +0 helmet of Understanding {rCorr Dex-4
                  | Slay+2}
 15258 | Lair:6   | Received a gift from Okawaru
 15336 | Lair:6   | Reached skill level 10 in Invocations
 15483 | Lair:6   | Found a staircase to the Slime Pits.
 15632 | Lair:6   | Received a gift from Okawaru
 16729 | D:12     | Found a staircase to the Orcish Mines.
 16883 | D:12     | Identified the ring "Aboankaf" {rC+ Int+3 Dex+4}
 17281 | Orc:1    | Entered Level 1 of the Orcish Mines
 17296 | Orc:1    | Identified the +2 tower shield of Qevuxitu {Slay+6}
                  | (Okawaru gifted it to you on level 1 of the Orcish Mines)
 17296 | Orc:1    | Received a gift from Okawaru
 17306 | Orc:1    | Found Amafidgh's Antique Armour Shop.
 17311 | Orc:1    | Bought a pair of glowing boots for 277 gold pieces
 17311 | Orc:1    | Bought a pair of glowing gloves for 277 gold pieces
 17311 | Orc:1    | Bought a bloodstained chain mail for 351 gold pieces
 17311 | Orc:1    | Identified the +11 chain mail of the Locust {Int+5} (You
                  | bought it in a shop on level 1 of the Orcish Mines)
 17399 | Orc:1    | Found a dark tunnel.
 17409 | Volcano  | Entered a volcano
 17625 | Volcano  | Reached XP level 15. HP: 41/120 MP: 28/28
 18218 | Orc:1    | Found Quaqaem's General Store.
 18222 | Orc:1    | Found Fiehink's Specific Store.
 18230 | Orc:1    | Bought a potion of haste for 160 gold pieces
 18230 | Orc:1    | Bought a potion of curing for 48 gold pieces
 18230 | Orc:1    | Bought a scroll of identify for 32 gold pieces
 18230 | Orc:1    | Identified a scroll of acquirement
 18231 | Orc:1    | Acquired the +0 cloak "Sonushru" {+Inv rN++ Int-5 Dex+3}
 18554 | Orc:2    | Entered Level 2 of the Orcish Mines
 18847 | Orc:2    | Found a staircase to the Elven Halls.
 18990 | Orc:2    | Found Ubiwaxt's Antique Weapon Shoppe.
 18993 | Orc:2    | Found Elapexeg's Book Emporium.
 19005 | Orc:2    | Reached skill level 10 in Short Blades
 19005 | Orc:2    | Reached skill level 10 in Long Blades
 19005 | Orc:2    | Reached skill level 10 in Maces & Flails
 19005 | Orc:2    | Reached skill level 10 in Polearms
 19005 | Orc:2    | Reached skill level 10 in Staves
 19005 | Orc:2    | Reached skill level 10 in Slings
 19005 | Orc:2    | Reached skill level 10 in Bows
 19005 | Orc:2    | Reached skill level 10 in Crossbows
 19005 | Orc:2    | Reached skill level 10 in Throwing
 19005 | Orc:2    | Reached skill level 10 in Dodging
 19005 | Orc:2    | Reached skill level 10 in Stealth
 19005 | Orc:2    | Reached skill level 10 in Unarmed Combat
 19005 | Orc:2    | Reached skill level 10 in Spellcasting
 19005 | Orc:2    | Reached skill level 10 in Evocations
 19009 | Orc:2    | Paralysed by an ogre mage for 7 turns
 19016 | Orc:2    | Slain by an ogre

Illustrated notes

Levels and vault maps discovered:
D:1:      erik_arrival_orb_chamber, layout_basic
D:2:      layout_rooms, dk_noncrumbling_4
D:3:      layout_loops_ring, serial_glass, glass_columns_b, glass_columns_c,
          glass_columns_b, glass_columns_b, glass_columns_c
D:4:      layout_layer_cave, minmay_temple_entry_tees, serial_co_window_serial,
          co_window_of_opportunity_a, co_window_paths_a, co_window_corner_a,
          co_window_of_opportunity_a, co_window_of_opportunity_a,
          co_window_corner_a, co_window_corner_a, co_window_2corner,
          co_window_of_opportunity_c, co_window_cross_2, co_window_broadway_b,
          co_window_corner_cb, glass_columns_a, glass_columns_a,
          glass_columns_a, glass_columns_b, glass_columns_b, uniq_pikel
D:5:      layout_cave_pools, minitemple
D:6:      layout_basic, minmay_misc_feat_encased
D:7:      layout_loops_cross, gammafunk_temple_overflow_claw,
          ebering_ghost_rock_garden, uniq_harold, uniq_crazy_yiuf_cottage
D:8:      layout_basic, nicolae_shop_overcharged_wands
D:9:      layout_irregular_city, serial_bayou, serial_bayou_pond_c,
          serial_bayou_pond_a, serial_bayou_pond_c, serial_bayou_pond_e,
          serial_bayou_lagoon_b, st_stairs_5, uniq_maggie
D:10:     lemuel_flame_loot_2, layout_basic, nicolae_overflow_crystal_walls,
          erik_lair_dragon, enter_trove_5, kennysheep_donut, minivault_12
D:11:     layout_loops_ring
D:12:     layout_cross, zombieorc1_lemuel
Temple:   nicolae_temple_elliptical
Lair:1:   layout_cave_pods, lemuel_fruit_tree
Lair:2:   layout_cave_pods, beast_lair_carwin_7, grunt_megastairs_2
Lair:3:   layout_gridlike, minmay_swamp_entry_reptiles,
          spider_nest_entry_rubble, grunt_megastairs_5, serial_bayou_shore_b,
          uniq_urug
Lair:4:   layout_cave_pods, dpeg_oklob_1
Lair:5:   layout_big_grid
Lair:6:   grunt_lair_end_beastmaster, layout_loops_ring,
          minmay_slime_entry_oklob_enclosed
Orc:1:    layout_caves, nicolae_volcano_entry_hallway, serial_shops,
          nicolae_shop_hallway_stairs, nicolae_specific_store,
          minmay_orc_temple_b
Orc:2:    st_orc_open, layout_diamond_mine

Skill      XL: |  1  2  3  4  5  6  7  8  9 10 11 12 13 14 15 |
---------------+----------------------------------------------+-----
Invocations    | 1 2 3 4 5 6 7 8 9 10 | 10.9
Short Blades   | 1 2 3 4 5 6 7 8 9 10 | 10.0
Long Blades    | 1 2 3 4 5 6 7 8 9 10 | 10.0
Maces & Flails | 1 2 3 4 5 6 7 8 9 10 | 10.0
Polearms       | 1 2 3 4 5 6 7 8 9 10 | 10.0
Staves         | 1 2 3 4 5 6 7 8 9 10 | 10.0
Slings         | 1 2 3 4 5 6 7 8 9 10 | 10.0
Bows           | 1 2 3 4 5 6 7 8 9 10 | 10.0
Crossbows      | 1 2 3 4 5 6 7 8 9 10 | 10.0
Throwing       | 1 2 3 4 5 6 7 8 9 10 | 10.0
Dodging        | 1 2 3 4 5 6 7 8 9 10 | 10.0
Stealth        | 1 2 3 4 5 6 7 8 9 10 | 10.0
Unarmed Combat | 1 2 3 4 5 6 7 8 9 10 | 10.0
Spellcasting   | 1 2 3 4 5 6 7 8 9 10 | 10.0
Evocations     | 1 2 3 4 5 6 7 8 9 10 | 10.0
Conjurations   | 1 2 3 4 5 6 7 8 |  8.4
Hexes          | 1 2 3 4 5 6 7 8 |  8.4
Summonings     | 1 2 3 4 5 6 7 8 |  8.4
Necromancy     | 1 2 3 4 5 6 7 8 |  8.4
Translocations | 1 2 3 4 5 6 7 8 |  8.4
Transmutations | 1 2 3 4 5 6 7 8 |  8.4
Fire Magic     | 1 2 3 4 5 6 7 8 |  8.4
Ice Magic      | 1 2 3 4 5 6 7 8 |  8.4
Air Magic      | 1 2 3 4 5 6 7 8 |  8.4
Earth Magic    | 1 2 3 4 5 6 7 8 |  8.4
Poison Magic   | 1 2 3 4 5 6 7 8 |  8.4
Axes           | 5 6 7 8 9 10 11 | 11.0
Fighting       | 7 8 9 10 11 | 11.9
Armour         | 7 8 9 10 11 | 11.9
Shields        | 7 8 9 10 11 | 11.9

Action                   |  1- 3 |  4- 6 |  7- 9 | 10-12 | 13-15 || total
-------------------------+-------+-------+-------+-------+-------++-------
Melee: War axe           |    62 |     5 |       |       |       ||    67
       Bite              |     2 |    11 |    33 |    62 |    66 ||   174
       Hand axe          |       |   102 |   304 |    44 |       ||   450
       Shillelagh        |       |       |       |   408 |   510 ||   918
Throw: Dart              |       |     1 |     2 |       |       ||     3
Invok: Heroism           |       |       |       |       |     1 ||     1
       Finesse           |       |       |       |       |     1 ||     1
Evoke: Wand              |       |       |       |       |     2 ||     2
  Use: Scroll            |       |       |     5 |     2 |     5 ||    12
       Potion            |       |       |     2 |       |     1 ||     3
 Stab: Sleeping          |       |       |       |     3 |       ||     3
       Distracted        |       |       |       |     1 |       ||     1
Armor: Scale mail        |    31 |    43 |    99 |   223 |       ||   396
       Chain mail        |       |       |    59 |     4 |   257 ||   320
Dodge: Dodged            |    29 |    37 |   115 |   225 |   206 ||   612
Block: Buckler           |    15 |    29 |    58 |   113 |   107 ||   322
